 Dungeon Sprint DCSS version 0.22-a0-565-gfc6459a (webtiles) character file.

213 Fang the Cleaver (level 5, -1/57 HPs)
             Began as a Gargoyle Berserker on June 28, 2018.
             Was a High Priest of Trog.
             Slain by a flying skull (7 damage)
             ... in the Dungeon (Sprint VII: "The Pits").
             The game lasted 00:01:01 (382 turns).

Fang the Cleaver (Gargoyle Berserker)                Turns: 382, Time: 00:01:02

Health: -1/57      AC:  6    Str: 26    XL:     5   Next: 90%
Magic:  5/5        EV: 13    Int:  8    God:    Trog [*****.]
Gold:   0          SH:  0    Dex:  9    Spells: 4/4 levels left

rFire    . . .     SeeInvis .   m - +0 hand axe (chop)
rCold    . . .     Gourm    .   (no shield)
rNeg     + . .     Faith    .   b - +0 animal skin
rPois    ∞         Spirit   .   (no helmet)
rElec    +         Reflect  .   (no cloak)
rCorr    .         Harm     .   (no gloves)
MR       .....     NoTele   +   (no boots)
Stlth    ..........             (no amulet)
HPRegen  0.19/turn              (no ring)
MPRegen  0.09/turn              (no ring)

@: berserking, very quick
A: negative energy resistance 1, electricity resistance, unbreathing,
petrification resistance, rot immunity, AC +4
a: Berserk, Trog's Hand, Brothers in Arms, Renounce Religion


You were in the Dungeon.
You worshipped Trog.
Trog was extremely pleased with you.
You were not hungry.

You visited 1 branch

Inventory:

Hand Weapons
 j - a +2 hand axe
 m - a +0 hand axe of chopping (weapon)
Armour
 b - a +0 animal skin (worn)
Scrolls
 i - a scroll of blinking
 k - 3 scrolls of remove curse
 l - a scroll of summoning
Potions
 a - 2 potions of invisibility
 d - 6 potions of curing
 e - 6 potions of heal wounds
 f - a potion of haste
 g - 4 potions of magic
 h - 3 potions of berserk rage
Comestibles
 c - 9 rations


   Skills:
 + Level 7.4 Fighting
 + Level 8.0 Axes
 + Level 4.1 Armour
 + Level 4.1 Dodging


You had 4 spell levels left.
You didn't know any spells.
Your spell library was empty.

Dungeon Overview and Level Annotations

Branches:
Dungeon (1/1)

Altars:
Cheibriados
Dithmenos
Elyvilon
Fedhas
Gozag
Hepliaklqana
Makhleb
Nemelex Xobeh
Okawaru
Qazlal
Ru
Sif Muna
Trog
Vehumet
Wu Jian
Xom
Yredelemnul
Zin
The Shining One
Beogh
Jiyva
Lugonu


Innate Abilities, Weirdness & Mutations

You are resistant to torment.
Your stone body is resilient. (AC +4)
You are immune to poison.
You resist negative energy. (rN+)
You are resistant to electric shocks. (rElec)
You can survive without breathing.
You are immune to petrification.
You are immune to rotting.


Message History

Trog accepts your kill.
Trog will gift you weapons as you gain piety.
Your Axes skill increases to level 8!
The flying skull hits you but does no damage.
The gnoll barely misses you. The gnoll closely misses you.
The gnoll shaman calls upon its god to speed up the gnoll.
The gnoll seems to speed up.
The gnoll hits you from afar with a halberd!
* * * LOW HITPOINT WARNING * * *
You barely miss the flying skull.
The flying skull is moderately damaged.
The flying skull barely misses you.
A wight comes into view. It is wielding an enchanted long sword.
The gnoll hits you from afar with an enchanted spear.
* * * LOW HITPOINT WARNING * * *
The gnoll hits you but does no damage.
You barely miss the flying skull.
The flying skull is moderately damaged.
The flying skull hits you!
You die...

#.#))#####÷#####'#
#.#.)#.....##.....
#.#))#.....##.....
#.#..###'####.....
#.##'#.÷.÷.##...<.
#.#....(.÷.##.....
#.#........##.....
#'###########.....
#@zgng..# ######
#.gggg..#
#.g.#gz.# #..##
.z# #... .# #....
# #.... ######


You could see a necrophage, a flying skull, 2 gnoll shamans, 2 wights and 6
gnolls.

Vanquished Creatures
  A bullfrog (D)
  3 wights (D)
  A gnoll (D)
  A river rat (D)
  A leopard gecko (D)
  A giant cockroach (D)
  3 jackals (D)
  2 bats (D)
  A frilled lizard (D)
  A goblin (D)
  A kobold (D)
16 creatures vanquished.

Notes
Turn   | Place    | Note
-------+----------+-------------------------------------------
     0 | D        | Fang the Gargoyle Berserker began the quest for the Orb.
     0 | D        | Reached XP level 1. HP: 14/14 MP: 1/1
    38 | D        | Found a bloodstained altar of Trog.
    38 | D        | Found a deep blue altar of Sif Muna.
    38 | D        | Found a viscous altar of Jiyva.
    38 | D        | Found a hazy altar of Hepliaklqana.
    38 | D        | Found an opulent altar of Gozag.
    39 | D        | Found a glowing golden altar of the Shining One.
    39 | D        | Found a glowing silver altar of Zin.
    39 | D        | Found a basalt altar of Yredelemnul.
    39 | D        | Found a shimmering altar of Xom.
    39 | D        | Found an ornate altar of the Wu Jian Council.
    39 | D        | Found a sacrificial altar of Ru.
    39 | D        | Found a stormy altar of Qazlal.
    39 | D        | Found an iron altar of Okawaru.
    39 | D        | Found a sparkling altar of Nemelex Xobeh.
    39 | D        | Found a burning altar of Makhleb.
    39 | D        | Found a blossoming altar of Fedhas.
    39 | D        | Found a white marble altar of Elyvilon.
    39 | D        | Found a shadowy altar of Dithmenos.
    39 | D        | Found a snail-covered altar of Cheibriados.
    41 | D        | Found a radiant altar of Vehumet.
    41 | D        | Found a corrupted altar of Lugonu.
    41 | D        | Found a roughly hewn altar of Beogh.
    83 | D        | Reached skill level 3 in Axes
    88 | D        | Reached ** piety under Trog
   106 | D        | Reached XP level 2. HP: 19/20 MP: 2/2
   108 | D        | Reached *** piety under Trog
   119 | D        | Noticed a bullfrog
   124 | D        | Reached skill level 4 in Axes
   129 | D        | Killed a bullfrog
   129 | D        | Reached **** piety under Trog
   129 | D        | Reached skill level 5 in Fighting
   129 | D        | Reached skill level 5 in Axes
   129 | D        | Reached XP level 3. HP: 15/27 MP: 3/3
   129 | D        | Reached XP level 4. HP: 19/32 MP: 4/4
   369 | D        | Noticed a necrophage
   369 | D        | Noticed a flying skull
   371 | D        | Reached skill level 6 in Axes
   371 | D        | Reached XP level 5. HP: 37/37 MP: 5/5
   372 | D        | Reached skill level 7 in Axes
   380 | D        | Reached ***** piety under Trog
   380 | D        | Reached skill level 8 in Axes
   382 | D        | Slain by a flying skull

Vault maps used:
D:        pitsprint

Skill      XL: |  1  2  3  4  5 |
---------------+----------------+-----
Axes           | 3 5 6 8 |  8.0
Fighting       | 4 5 6 7 |  7.4
Dodging        | 3 4 |  4.1
Armour         | 3 4 |  4.1

Action                   |  1- 3 |  4- 6 || total
-------------------------+-------+-------++-------
Melee: Hand axe          |    28 |    11 ||    39
Invok: Berserk           |     1 |     1 ||     2
Armor: Animal skin       |    10 |     3 ||    13
Dodge: Dodged            |    31 |    19 ||    50

Table legend:
 A = Spawn XP
 B = Non-spawn XP
 C = Spawn XP percentage of total XP
 D = Spawn monster count
 E = Non-spawn monster count
 F = Spawn count percentage of total count
 G = Total turns spent on level
                    A         B        C        D         E        F      G
               +---------+---------+-------+---------+---------+-------+---------
         Total |       0 |     305 |   0.0 |       0 |      16 |   0.0 |   382
               +---------+---------+-------+---------+---------+-------+---------
             D |       0 |     305 |   0.0 |       0 |      16 |   0.0 |   382
               +---------+---------+-------+---------+---------+-------+---------
